 Dungeon Crawl Stone Soup version 0.29-a0-563-g64e4043184 (webtiles) character file.

Game seed: 16223871424327812692

6658 jlumianski the Slicer (level 11, -2/67 HPs)
             Began as a Gargoyle Fighter on June 11, 2022.
             Was a Priest of Wu Jian.
             Slain by a basilisk (5 damage)
             ... on level 10 of the Dungeon on June 12, 2022.
             The game lasted 00:47:36 (9369 turns).

jlumianski the Slicer (Gargoyle Fighter)            Turns: 9369, Time: 00:47:37

Health: -2/67      AC: 21    Str: 22    XL:     11   Next: 3%
Magic:  11/11      EV: 12    Int:  9    God:    Wu Jian [***...]
Gold:   560        SH:  5    Dex: 11    Spells: 2/10 levels left

rFire   + . .      SeeInvis .   n - +7 dagger of Righteous Anger {freeze, rF+ Will+}
rCold   . . .      Faith    .   c - +0 buckler
rNeg    + . .      Spirit   .   K - +0 steam dragon scales
rPois   ∞          Reflect  .   (no helmet)
rElec   +          Harm     .   v - +0 cloak
rCorr   .          Rampage  .   (no gloves)
Will    +....                   r - +0 pair of boots
Stlth   +++.......              (no amulet)
HPRegen 0.21/turn               y - ring of flight
MPRegen 0.12/turn               G - +4 ring of protection

@: flying
A: sickness immunity, AC +8, negative energy resistance 1, electricity
resistance, torment resistance 1, petrification resistance
a: Renounce Religion, Wall Jump, Serpent's Lash


You were on level 10 of the Dungeon.
You worshipped Wu Jian.
Wu Jian was most pleased with you.
You visited 2 branches of the dungeon, and saw 11 of its levels.

You collected 560 gold pieces.

Inventory:

Hand Weapons
 a - a +0 war axe
 h - a +0 trident
 k - a +2 dagger of venom
 n - the +7 dagger of Righteous Anger (weapon) {freeze, rF+ Will+}
   (You took it off a goblin on level 2 of the Dungeon)

   It freezes those it strikes, dealing additional cold damage.
   It can also slow down cold-blooded creatures.
   rF:        It protects you from fire.
   Will:      It increases your willpower.
 o - a +1 dagger of speed
 q - a +0 dagger of holy wrath
 u - a +2 quarterstaff of chaos
 x - a +0 hand crossbow
 A - a +0 vampiric trident
 D - a +3 battleaxe of freezing
 H - a +5 flail of protection
 J - a +1 whip of flaming
 O - a +3 dagger of freezing
 Q - a +3 vampiric battleaxe
Missiles
 g - 361 stones
 i - 8 poisoned darts
 L - 2 throwing nets
 P - 8 boomerangs (quivered)
Armour
 b - a +0 scale mail
 c - a +0 buckler (worn)
 r - a +0 pair of boots (worn)
 t - a +0 plate armour
 v - a +0 cloak (worn)
 B - a +2 leather armour of cold resistance
 K - +0 steam dragon scales (worn)
Magical Staves
 C - a staff of fire
Jewellery
 y - a ring of flight (left hand)
 G - a +4 ring of protection (right hand)
Wands
 p - a wand of polymorph (16)
 N - a wand of flame (22)
 T - a wand of paralysis (5)
 V - a wand of digging (3)
Scrolls
 f - 2 scrolls of enchant weapon
 s - 3 scrolls of teleportation
 z - 4 scrolls of fear
 M - a scroll of poison
 S - a scroll of fog
 U - a scroll of identify
Potions
 d - 3 potions of might
 j - a potion of heal wounds
 l - 2 potions of attraction
 m - a potion of mutation
 w - a potion of curing
 E - 2 potions of lignification
 F - 3 potions of degeneration
 I - a potion of berserk rage
 R - a potion of flight


   Skills:
 + Level 7.1 Fighting
 * Level 9.3 Short Blades
 - Level 2.8 Axes
 + Level 1.0 Throwing
 + Level 6.6 Armour
 + Level 3.2 Dodging
 * Level 6.6 Stealth
 + Level 5.7 Shields
 * Level 2.0 Summonings
 - Level 4.4 Fire Magic


You had 2 spell levels left.
You knew the following spells:

 Your Spells              Type           Power      Damage    Failure   Level
a - Sticky Flame          Conj/Fire      3%         2d3       91%         4
b - Summon Lightning Spi  Summ/Air       1%         N/A       98%         4

Your spell library contained the following spells:

 Spells                   Type           Power      Damage    Failure   Level
 Summon Small Mammal      Summ           12%        N/A       22%         1
 Apportation              Tloc           0%         N/A       45%         1
 Necrotize                Necr           0%         1d4       45%         1
 Conjure Flame            Conj/Fire      3%         6-21      54%         3
 Ignite Poison            Fire/Tmut/Pois 2%         N/A       65%         3
 Summon Ice Beast         Ice/Summ       1%         N/A       98%         4
 Chain Lightning          Conj/Air       0%         N/A       100%        9
 Dragon's Call            Summ           1%         N/A       100%        9
 Fire Storm               Conj/Fire      1%         8d1       100%        9
 Shatter                  Erth           0%         3d5*      100%        9


Dungeon Overview and Level Annotations

Branches:
Dungeon (10/15)            Temple (1/1) D:4            Lair (0/6) D:10
    Orc (0/2) D:9

Altars:
Ashenzari
Cheibriados
Elyvilon
Fedhas
Gozag
Kikubaaqudgha
Nemelex Xobeh
Okawaru
Ru
Sif Muna
Vehumet
Wu Jian
Xom
Yredelemnul
Zin
The Shining One
Beogh

Shops:
D:5 :


Innate Abilities, Weirdness & Mutations

You are immune to sickness and miasma.
Your stone body is resilient. (AC +8)
You are immune to poison.
You resist negative energy. (rN+)
You are resistant to electric shocks. (rElec)
You are resistant to unholy torment.
You are immune to petrification.


Message History

You miss the basilisk.
The basilisk is moderately wounded.
The wyvern completely misses you. The wyvern misses you.
The yak closely misses you. The basilisk gazes at you.
You resist with almost no effort. The wyvern closely misses you.
The yak barely misses you.
You spin and attack the basilisk repeatedly.
You hit the basilisk. You freeze the basilisk.
The basilisk is heavily wounded.
You barely miss the basilisk.
The basilisk is heavily wounded.
The basilisk is no longer moving slowly.
The basilisk attacks as you move away! The basilisk misses you.
The wyvern barely misses you.
You hit the wyvern. You freeze the wyvern.
The wyvern is heavily wounded.
The basilisk bites you but does no damage.
You hit the wyvern but do no damage.
The wyvern is heavily wounded.
The wyvern bites you!
You hit the wyvern. You freeze the wyvern.
The wyvern is severely wounded.
The wyvern bites you.
* * * LOW HITPOINT WARNING * * *
The basilisk bites you!
* * * LOW HITPOINT WARNING * * *
Aiming: Wall Jump
Press: ? - help, Dir - move target You repeatedly attack the basilisk from above.
You closely miss the basilisk.
The basilisk is heavily wounded.
You barely miss the basilisk.
The basilisk is heavily wounded.
You closely miss the basilisk.
The basilisk is heavily wounded.
The wyvern bites you but does no damage.
You block the basilisk's attack. The yak gores you but does no damage.
The basilisk bites you.
You die...

.....## #.##### #+####
##...... ....#
###.....### .# ....+
##.........##.# ....#
##...........#.# ....#
##..P......P....#
##.######.......>.......#
#.............○○○..P..#
#........#..P.°@○.†..##
#........##...Yll...##
#.###########.....### #.#
###.### ..# #..# ...#
#.## ... #. + #. #.


You could see a yak, a basilisk and a wyvern.

Vanquished Creatures
  A two-headed ogre (D:9)
  Pikel (D:4)
  Psyche (D:8)
  Maggie (D:6)
  A hornet (D:4)
  Sigmund (D:2)
  3 yaks (D:7)
  2 wyverns
  A basilisk (D:10)
  A vampire (D:9)
  2 steam dragons (D:7)
  Menkaure (D:5)
  Edmund (D:5)
  3 water moccasins
  2 ice beasts
  3 orc warriors
  2 ogres
  3 centaurs
  6 bullfrogs
  A scorpion (D:6)
  8 wights
  2 jellies (D:4)
  Crazy Yiuf (D:2)
  4 hounds
  A gnoll shaman (D:9)
  8 orc priests
  Ijyb (D:2)
  Jessica (D:2)
  4 iguanas
  10 orc wizards
  7 gnolls
  10 adders
  2 white imps
  A worm (D:5)
  4 dart slugs
  29 orcs
  5 bats
  7 endoplasms
  4 giant cockroaches
  12 goblins
  6 hobgoblins
  2 jackals (D:2)
  4 kobolds
  2 quokkas (D:3)
  4 ball pythons
  3 frilled lizards
  6 rats
185 creatures vanquished.

Vanquished Creatures (others)
  An orc wizard (D:8)
  4 withered plants (D:2)
5 creatures vanquished.

Grand Total: 190 creatures vanquished

Notes
Turn   | Place    | Note
-------+----------+-------------------------------------------
     0 | D:1      | jlumianski the Gargoyle Fighter began the quest for the
                  | Orb.
     0 | D:1      | Reached XP level 1. HP: 14/14 MP: 1/1
   175 | D:1      | Reached XP level 2. HP: 19/19 MP: 2/2
   344 | D:2      | Found a radiant altar of Vehumet.
   344 | D:2      | Noticed Sigmund
   365 | D:2      | Killed Sigmund
   366 | D:2      | Reached XP level 3. HP: 11/24 MP: 3/3
   366 | D:2      | Reached XP level 4. HP: 14/30 MP: 4/4
   366 | D:2      | Reached XP level 5. HP: 16/34 MP: 5/5
   422 | D:2      | Reached skill level 1 in Dodging
   427 | D:2      | Noticed Jessica
   432 | D:2      | Killed Jessica
   508 | D:2      | Reached XP level 6. HP: 31/39 MP: 6/6
   889 | D:2      | Identified the +7 dagger of Righteous Anger {freeze, rF+
                  | Will+}
   918 | D:2      | Noticed Ijyb
   942 | D:2      | Killed Ijyb
   979 | D:2      | Found a faded altar of an unknown god.
  1311 | D:2      | Found a runed translucent door.
  1312 | D:2      | Noticed Crazy Yiuf
  1461 | D:2      | Killed Crazy Yiuf
  1645 | D:4      | Reached skill level 1 in Short Blades
  1662 | D:4      | Found a staircase to the Ecumenical Temple.
  1738 | Temple   | Entered the Ecumenical Temple
  1758 | Temple   | Became a worshipper of the Wu Jian Council
  1952 | D:3      | Reached skill level 5 in Armour
  1962 | D:3      | Reached XP level 7. HP: 36/44 MP: 7/7
  2166 | D:3      | Reached skill level 2 in Short Blades
  2176 | D:3      | Found a shimmering altar of Xom.
  2657 | D:4      | Reached skill level 1 in Stealth
  2713 | D:4      | Reached * piety under Wu Jian
  2857 | D:5      | Entered Level 5 of the Dungeon
  2857 | D:5      | Found Merergh's Self-Improvement Boutique.
  2858 | D:5      | Noticed Edmund
  2888 | D:5      | Killed Edmund
  2889 | D:5      | Reached skill level 3 in Short Blades
  2889 | D:5      | Reached skill level 1 in Fire Magic
  3308 | D:4      | Noticed Pikel
  3326 | D:4      | Killed Pikel
  3327 | D:4      | Reached skill level 5 in Fighting
  3327 | D:4      | Reached skill level 4 in Short Blades
  3327 | D:4      | Reached skill level 5 in Shields
  3327 | D:4      | Reached XP level 8. HP: 49/49 MP: 8/8
  3336 | D:4      | Noticed a hornet
  3360 | D:4      | Killed a hornet
  3361 | D:4      | Reached skill level 5 in Short Blades
  3741 | D:5      | Noticed Menkaure
  3746 | D:5      | Killed Menkaure
  3923 | D:5      | Reached XP level 9. HP: 54/54 MP: 9/9
  4163 | D:5      | Found a white marble altar of Elyvilon.
  4174 | D:5      | Reached skill level 6 in Short Blades
  4760 | D:6      | Noticed Maggie
  4779 | D:6      | Killed Maggie
  4788 | D:6      | Learned a level 4 spell: Sticky Flame
  4943 | D:6      | Reached skill level 7 in Short Blades
  5449 | D:6      | Reached ** piety under Wu Jian
  5829 | D:7      | Found a shimmering blue altar of Sif Muna.
  5930 | D:7      | Reached skill level 5 in Stealth
  5974 | D:7      | Reached XP level 10. HP: 59/60 MP: 10/10
  5991 | D:7      | Got the Incunabulum of the Arsonist and the Escort
  6627 | D:7      | Reached skill level 8 in Short Blades
  6922 | D:9      | Noticed a two-headed ogre
  6957 | D:8      | Upgraded the game from 0.29-a0-559-g359e09b9d1 to
                  | 0.29-a0-563-g64e4043184
  7417 | D:8      | Learned a level 4 spell: Summon Lightning Spire
  7539 | D:8      | Noticed Psyche
  7550 | D:8      | Killed Psyche
  7692 | D:9      | Found a sacrificial altar of Ru.
  7692 | D:9      | Found an ancient bone altar of Kikubaaqudgha.
  7692 | D:9      | Found a blossoming altar of Fedhas.
  8013 | D:8      | Reached skill level 1 in Summonings
  8033 | D:9      | Found a sparkling altar of Nemelex Xobeh.
  8115 | D:9      | Found a broken altar of Ashenzari.
  8204 | D:9      | Found an iron altar of Okawaru.
  8256 | D:9      | Killed a two-headed ogre
  8257 | D:9      | Reached skill level 9 in Short Blades
  8449 | D:9      | Found a staircase to the Orcish Mines.
  8454 | D:9      | Noticed a two-headed ogre
  8685 | D:9      | Reached skill level 1 in Throwing
  8908 | D:9      | Reached *** piety under Wu Jian
  8962 | D:9      | Reached XP level 11. HP: 49/67 MP: 11/11
  9312 | D:10     | Entered Level 10 of the Dungeon
  9340 | D:10     | Found a staircase to the Lair.
  9368 | D:10     | HP: 3/67 [basilisk (14)]
  9369 | D:10     | Slain by a basilisk

Illustrated notes

Levels and vault maps discovered:
D:1:      grunt_arrival_lava_bath, layout_rooms
D:2:      kennysheep_the_goblin_king, layout_loops_ring,
          ebering_ecumenical_altar_petrified, basic_altar, uniq_jessica,
          uniq_crazy_yiuf_cottage, uniq_sigmund
D:3:      layout_rooms, xom_teletrap_fun
D:4:      layout_basic, minmay_temple_entry_crystal_x, uniq_pikel
D:5:      layout_rooms, lemuel_crystal_altar, minivault_26, minivault_1,
          nicolae_shop_self_help, uniq_menkaure, uniq_edmund
D:6:      layout_gridville, grunt_decor_arrowhead, uniq_maggie
D:7:      layout_loops_ring, mainiacjoe_overflow_catwalk, minivault_26,
          grunt_ogre_cave
D:8:      layout_basic, uniq_psyche
D:9:      layout_basic, lemuel_tele_altar, grunt_temple_overflow_open,
          evilmike_ruin_ashenzari, minmay_orc_entry_temple_small, minivault_14
D:10:     layout_basic, david_lair_generic
Temple:   dshaligram_water_room_temple

Skill      XL: |  1  2  3  4  5  6  7  8  9 10 |
---------------+-------------------------------+-----
Fighting       | 4 5 7 |  7.1
Axes           | 2 |  2.8
Armour         | 4 5 6 |  6.6
Shields        | 4 5 |  5.7
Dodging        | 1 2 3 |  3.2
Short Blades   | 1 4 5 7 9 |  9.3
Stealth        | 2 3 5 6 |  6.6
Fire Magic     | 2 3 4 |  4.4
Summonings     | 2 |  2.0
Throwing       | 1 |  1.0

Action                   |  1- 3 |  4- 6 |  7- 9 | 10-12 || total
-------------------------+-------+-------+-------+-------++-------
Melee: War axe           |    40 |    66 |       |       ||   106
       Dagger            |       |   103 |   300 |   370 ||   773
Throw: Boomerang         |       |       |       |     6 ||     6
       Dart              |       |       |       |     2 ||     2
Invok: Lunge             |       |     4 |    41 |    14 ||    59
       Whirlwind         |       |       |     3 |    29 ||    32
 Abil: Wall Jump         |       |       |     2 |    35 ||    37
  Use: Potion            |     1 |       |     5 |     1 ||     7
       Scroll            |       |       |    11 |     3 ||    14
 Stab: Sleeping          |       |       |     3 |     4 ||     7
       Distracted        |       |       |     1 |     1 ||     2
       Invisible         |       |       |       |     1 ||     1
Armor: Scale mail        |    39 |    93 |    30 |       ||   162
       Steam dragon scal |       |       |    22 |   107 ||   129
       Leather armour    |       |       |    21 |       ||    21
Dodge: Dodged            |    30 |    71 |    83 |   104 ||   288
Block: Buckler           |    16 |    36 |    32 |    45 ||   129

Table legend: (Time is in decaauts)
 A = Elapsed time spent in this place.
 B = Non-inter-level travel time spent in this place.
 C = Inter-level travel time spent in this place.
 D = Time resting spent in this place.
 E = Time spent auto-exploring this place.
 F = Levels seen in this place.
 G = Mean time per level.
                   A        B        C        D        E       F      G
               +--------+--------+--------+--------+--------+-----+--------+
         Total |   9353 |   9140 |    213 |    385 |   5705 |  11 |  850.3 |
       Dungeon |   9312 |   9099 |    213 |    385 |   5705 |  10 |  931.2 |
        Temple |     40 |     40 |      0 |      0 |      0 |   1 |   40.0 |
               +--------+--------+--------+--------+--------+-----+--------+

Top non-repeatable levels by time:
     D:4: 1392 daAuts
     D:8: 1357 daAuts
     D:6: 1266 daAuts
     D:2: 1248 daAuts
     D:9: 1211 daAuts
     D:7: 1182 daAuts
     D:3: 670 daAuts
     D:5: 572 daAuts
     D:1: 354 daAuts
    D:10: 56 daAuts
  Temple: 40 daAuts
